 Dungeon Crawl Stone Soup version 0.26-a0-639-g72c4674329 (webtiles) character file.

Game seed: 18371795130196740490

37 Borgoz the Skirmisher (level 3, 0/24 HPs)
             Began as a Gargoyle Berserker on Sept 18, 2020.
             Was a Follower of Trog.
             Slain by a goblin
             ... wielding a +0 dagger
             ... led by Robin
              (6 damage)
             ... on level 2 of the Dungeon.
             The game lasted 00:01:07 (1465 turns).

Borgoz the Skirmisher (Gargoyle Berserker)          Turns: 1465, Time: 00:01:07

Health: 0/24       AC:  9    Str: 20    XL:     3   Next: 39%
Magic:  3/3        EV: 10    Int:  7    God:    Trog [*.....]
Gold:   34         SH:  0    Dex: 10    Spells: 2/2 levels left

rFire    + . .     SeeInvis .   j - +1 mace (protect)
rCold    . . .     Faith    .   (no shield)
rNeg     + . .     Spirit   .   h - +0 scale mail
rPois    ∞         Reflect  .   (no helmet)
rElec    +         Harm     .   (no cloak)
rCorr    .         Rampage  .   (no gloves)
MR       .....                  (no boots)
Stlth    ..........             (no amulet)
HPRegen  0.08/turn              g - ring of protection from fire
MPRegen  0.08/turn              (no ring)

@: no status effects
A: negative energy resistance 1, electricity resistance, unbreathing,
petrification resistance, rot immunity, AC +3
a: Berserk, Renounce Religion


You were on level 2 of the Dungeon.
You worshipped Trog.
Trog was aware of your devotion.
You visited 1 branch of the dungeon, and saw 2 of its levels.

You collected 34 gold pieces.

Inventory:

Hand Weapons
 j - a +1 mace of protection (weapon)
Armour
 h - a +0 scale mail (worn)
Jewellery
 g - a ring of protection from fire (left hand)
Scrolls
 b - a scroll of remove curse {unknown}
 d - a scroll of fear {unknown}
 e - a scroll of identify {unknown}
 f - a scroll of teleportation {unknown}
Potions
 c - 2 potions of curing {unknown}
 i - a potion of degeneration {unknown}


   Skills:
 + Level 3.7 Fighting
 + Level 3.3 Maces & Flails
 + Level 2.7 Armour
 + Level 2.0 Dodging


You had 2 spell levels left.
You didn't know any spells.
Your spell library was empty.

Dungeon Overview and Level Annotations

Branches:
Dungeon (2/15)

Altars:

Annotations:
D:2 Robin


Innate Abilities, Weirdness & Mutations

You are resistant to torment.
Your stone body is resilient. (AC +3)
You are immune to poison.
You resist negative energy. (rN+)
You are resistant to electric shocks. (rElec)
You can survive without breathing.
You are immune to petrification.
You are immune to rotting.


Message History

The goblin hits you with a +0 club.
* * * LOW HITPOINT WARNING * * *
The hobgoblin barely misses you.
The goblin unwields a +0 club.
The goblin wields a cursed -2 hunting sling.
The goblin shoots a stone.
The stone hits you but does no damage.
You are too injured to fight recklessly!
You are too injured to fight recklessly!
Okay, then.
The goblin no longer looks unusually strong.
The goblin hits you but does no damage. x2
The goblin no longer looks unusually strong. x3
The goblin wields a +0 hunting sling.
The goblin shoots a stone.
The stone barely misses you.
Robin roars a battlecry!
The goblins go into a battle-frenzy!
The goblin no longer looks unusually strong.
Robin throws the goblin at you!
* * * LOW HITPOINT WARNING * * *
The goblin hits you with a +0 dagger.
You die...

#.#..#.#.# ...#
####.#..#.#.###...##
#...>...............
#...................
#.###)....#.#.........
#......#.##.#...#######
.#####..#....#..<+.....+
.....<.......(...##...# #
###.......####..@.....+ ..
+.......####..gggg..# ..
#.............S..g..# .#
#...............gg..# ..#..
#................g.g#......
#...................()g..[..
#....####.........#$........
...... #.........#.........
...... #....#....###.......


You could see Robin (resistant), an adder, a hobgoblin (strong) and 8 goblins.

Vanquished Creatures
  An adder (D:2)
  2 leopard geckos (D:1)
  3 bats (D:1)
  3 goblins
  3 hobgoblins
  3 jackals (D:1)
  3 frilled lizards (D:1)
  3 kobolds (D:1)
  3 rats
24 creatures vanquished.

Notes
Turn   | Place    | Note
-------+----------+-------------------------------------------
     0 | D:1      | Borgoz the Gargoyle Berserker began the quest for the Orb.
     0 | D:1      | Reached XP level 1. HP: 14/14 MP: 1/1
   474 | D:1      | Reached XP level 2. HP: 17/19 MP: 2/2
  1386 | D:2      | Reached XP level 3. HP: 22/23 MP: 3/3
  1451 | D:2      | Noticed Robin
  1465 | D:2      | Slain by a goblin

Illustrated notes

Levels and vault maps discovered:
D:1:      lemuel_arrival_room, layout_loops_corners
D:2:      lemuel_upstairs_altar, layout_basic, uniq_robin

Skill      XL: |  1  2  3 |
---------------+----------+-----
Dodging        | 2 |  2.0
Fighting       | |  3.7
Maces & Flails | |  3.3
Armour         | |  2.7

Action                   || total
-------------------------++-------
Melee: Mace              ||    91
 Stab: Sleeping          ||     1
Armor: Animal skin       ||    31
       Scale mail        ||    21
Dodge: Dodged            ||    73

Table legend: (Time is in decaauts)
 A = Elapsed time spent in this place.
 B = Non-inter-level travel time spent in this place.
 C = Inter-level travel time spent in this place.
 D = Time resting spent in this place.
 E = Time spent auto-exploring this place.
 F = Levels seen in this place.
 G = Mean time per level.
                   A        B        C        D        E       F      G
               +--------+--------+--------+--------+--------+-----+--------+
         Total |   1486 |   1459 |     27 |    198 |   1065 |   2 |  743.0 |
       Dungeon |   1486 |   1459 |     27 |    198 |   1065 |   2 |  743.0 |
               +--------+--------+--------+--------+--------+-----+--------+

Top non-repeatable levels by time:
     D:1: 1372 daAuts
     D:2: 113 daAuts
